 Dungeon Sprint DCSS version 0.30-a0-964-gd452b5e7fa (webtiles) character file.

Game seed: 9935027251285029659

1935 dialectric the Imperceptible (level 8, -15/43 HPs)
             Began as a Spriggan Brigand on Mar 30, 2023.
             Demolished by a polar bear (18 damage)
             ... in the Dungeon (Sprint II: "The Violet Keep of Menkaure").
             The game lasted 00:01:25 (140 turns).

dialectric the Imperceptible (Spriggan Brigand)      Turns: 140, Time: 00:01:26

Health: -15/43     AC:  3    Str:  7    XL:     8   Next: 97%
Magic:  9/9        EV: 20    Int: 12    God:
Gold:   891        SH:  0    Dex: 19    Spells: 7/7 levels left

rFire   . . .      SeeInvis +    a - +2 dagger
rCold   . . .      Faith    .    (no shield)
rNeg    . . .      Spirit   .    b - +0 robe
rPois   .          Reflect  .    (helmet restricted)
rElec   .          Rampage  .    c - +0 cloak
rCorr   .          NoTele   +    (gloves unavailable)
Will    +....                    (boots unavailable)
Stlth   +++++                    (no amulet)
HPRegen 0.27/turn                (no ring)
MPRegen 0.11/turn                (no ring)

@: on berserk cooldown, slow
A: very small, no large weapons, unfitting armour, see invisible, speed 3
a: no special abilities


You were in the Dungeon.
You visited 1 branch You collected 891 gold pieces.

Inventory:

Hand Weapons
 a - a +2 dagger (weapon)
Missiles
 d - 9 poisoned darts (quivered)
 e - 3 curare-tipped darts
Armour
 b - a +0 robe (worn)
 c - a +0 cloak (worn)
Scrolls
 j - a scroll of identify {unknown}
Potions
 f - a potion of flight {unknown}
 g - a potion of heal wounds
 h - a potion of haste
 i - 2 potions of magic


   Skills:
 + Level 5.1 Fighting
 + Level 7.3 Short Blades
 - Level 4.0 Throwing
 + Level 5.4 Dodging
 + Level 25.5 Stealth


You had 7 spell levels left.
You didn't know any spells.
Your spell library was empty.

Dungeon Overview and Level Annotations

Branches:
Dungeon (1/1)

Altars:
Cheibriados
Dithmenos
Elyvilon
Hepliaklqana
Kikubaaqudgha
Makhleb
Qazlal
Ru
Sif Muna
Trog
Uskayaw
Vehumet
Wu Jian
Xom
Yredelemnul
Zin
The Shining One
Jiyva
Lugonu

Shops:
D (

Annotations:
D Roxanne


Innate Abilities, Weirdness & Mutations

You are very small and have problems with some larger weapons.
You are too small for most types of armour.
You have supernaturally acute eyesight. (SInv)
You cover ground extremely quickly. (Speed+++)


Message History

The walls and floor vibrate strangely for a moment.
You open the door. 2 hell hogs come into view.
Found 81 gold pieces and a scroll labelled ZYNUAM CAIJOAM.
There is an open door here.
The helpless hell hog fails to defend itself.
You spit the hell hog like the proverbial pig!!!!!
You kill the hell hog!
Your Fighting skill increases to level 5!
Your Short Blades skill increases to level 7!
Your Dodging skill increases to level 5!
Your Stealth skill gained 2 levels and is now at level 25!
The hell hog squeals angrily.
The hell hog completely misses you. The hell hog breathes fire at you.
The fireball explodes!
The fireball engulfs you!!
Ouch! That really hurt!
* * * LOW HITPOINT WARNING * * *
The fireball engulfs the hell hog.
The hell hog completely resists.
You see here a hell hog corpse.
There is an open door here.
The hell hog attacks as you move away! The hell hog barely misses you.
You feel yourself speed up.
Blink to where?
Press: ? - help, Dir - move target Splash!
You fall into the shallow water.
Moving in this stuff is going to be slow.
A yaktaur, a hornet and a polar bear come into view.
Found four items.
As you read the scroll of blinking, it crumbles to dust.
The polar bear growls angrily.
You hear an angry growl.
The hornet buzzes angrily.
The polar bear misses you. The polar bear barely misses you.
The polar bear completely misses you.
A polar bear comes into view.
You hear an angry growl.
Your unstable footing causes you to fumble your attack.
The polar bear bites you!!
You die...

'##..#[.####.#
#.##.####..'^### #..#
...#..#...# ##
.#####..#####..# c#
†###.##..#$†'§.# .#
.##.†.#..#.?#..# h# [
<.'##.'..####.h##y [(?
.##.###...§###..h##▓▓▓▓▓
'###†##..§§..~~~@~~~~~~~
..# ##~~§....~#+########
#).#~~~§~~~..~#.._._._.#
..##~§~~§§~~.~#._._._..#
+##~§~§§§~~~~~#_._._._.#
~~~§§§≈≈§~~~#._._._._#
++#§§§§≈≈≈≈~#.._._._.#
≈###§≈#..._._._#


You could see a hell hog, 2 polar bears, a yaktaur and a hornet.

Vanquished Creatures
  A fire dragon (D)
  A hell hog (D)
  A merfolk siren (D)
  Menkaure (D)
  A water moccasin (D)
  4 scorpions (D)
  3 worms (D)
  2 spectral ball pythons (D)
14 creatures vanquished.

Notes
Turn   | Place    | Note
-------+----------+-------------------------------------------
     0 | D        | dialectric the Spriggan Brigand began the quest for the
                  | Orb.
     0 | D        | Reached XP level 1. HP: 10/10 MP: 2/2
     1 | D        | Noticed a boulder beetle
     1 | D        | Noticed a boulder beetle
     4 | D        | Noticed a scorpion
     4 | D        | Noticed a scorpion
    12 | D        | Killed a scorpion
    13 | D        | Reached skill level 11 in Stealth
    13 | D        | Reached XP level 2. HP: 12/15 MP: 3/3
    13 | D        | Reached XP level 3. HP: 15/18 MP: 4/4
    18 | D        | Killed a scorpion
    19 | D        | Reached skill level 13 in Stealth
    19 | D        | Reached XP level 4. HP: 13/23 MP: 5/5
    21 | D        | Noticed a scorpion
    21 | D        | Noticed a scorpion
    23 | D        | Killed a scorpion
    24 | D        | Reached skill level 14 in Stealth
    24 | D        | Reached XP level 5. HP: 16/28 MP: 6/6
    27 | D        | Reached skill level 16 in Stealth
    31 | D        | Identified Roxanne's Volume of the Fjord
    31 | D        | Noticed Roxanne
    32 | D        | Noticed Menkaure
    34 | D        | Killed Menkaure
    35 | D        | Reached skill level 5 in Short Blades
    35 | D        | Reached skill level 17 in Stealth
    35 | D        | Reached XP level 6. HP: 22/33 MP: 7/7
    35 | D        | Found Ceka Cea's Antique Weapon Shoppe.
    51 | D        | Reached skill level 18 in Stealth
    61 | D        | Noticed a merfolk siren
    64 | D        | Killed a merfolk siren
    65 | D        | Reached skill level 20 in Stealth
    65 | D        | Reached XP level 7. HP: 30/37 MP: 8/8
    78 | D        | Found a hazy altar of Hepliaklqana.
    78 | D        | Found a snail-covered altar of Cheibriados.
    79 | D        | Found a stormy altar of Qazlal.
    79 | D        | Found a viscous altar of Jiyva.
    79 | D        | Found a shadowy altar of Dithmenos.
    80 | D        | Found a sacrificial altar of Ru.
    80 | D        | Found an ancient bone altar of Kikubaaqudgha.
    80 | D        | Found a white marble altar of Elyvilon.
    81 | D        | Found an ornate altar of the Wu Jian Council.
    81 | D        | Found a shimmering blue altar of Sif Muna.
    81 | D        | Found a corrupted altar of Lugonu.
    82 | D        | Found a shimmering altar of Xom.
    82 | D        | Found a bloodstained altar of Trog.
    82 | D        | Found a burning altar of Makhleb.
    83 | D        | Found a glowing golden altar of the Shining One.
    83 | D        | Found a basalt altar of Yredelemnul.
    83 | D        | Found a hide-covered altar of Uskayaw.
    84 | D        | Found a glowing silver altar of Zin.
    84 | D        | Found a radiant altar of Vehumet.
    96 | D        | Reached skill level 21 in Stealth
   103 | D        | Noticed a fire dragon
   104 | D        | Killed a fire dragon
   105 | D        | Reached skill level 23 in Stealth
   105 | D        | Reached XP level 8. HP: 16/42 MP: 9/9
   114 | D        | Noticed a deep elf master archer
   133 | D        | Noticed a hell hog
   133 | D        | Noticed a hell hog
   135 | D        | Killed a hell hog
   136 | D        | Reached skill level 5 in Fighting
   136 | D        | Reached skill level 5 in Dodging
   136 | D        | Reached skill level 25 in Stealth
   136 | D        | HP: 2/43 [hell hog/fireball (23)]
   139 | D        | Noticed a yaktaur
   139 | D        | Noticed a hornet
   139 | D        | Noticed a polar bear
   139 | D        | Noticed a polar bear
   140 | D        | Demolished by a polar bear

Illustrated notes

Levels and vault maps discovered:
D:        the_violet_keep_of_menkaure [sprint2_stairs_cluster_1,
          sprint2_shoproom, sprint2_temple, sprint2_basic_supplies,
          sprint2_obstacle_7, sprint2_obstacle_5, sprint2_obstacle_6,
          sprint2_obstacle_4, sprint2_obstacle_2, sprint2_timed_cluster_1,
          sprint2_smallroom_cluster_1, sprint2_smallroom_final_cluster_1,
          sprint2_transparent_cluster_1, sprint2_second_timed_cluster_1,
          sprint2_sniper_area_1, sprint2_heavy_combat_area_1,
          sprint2_mutation_trap_area_1, sprint2_forest_area_1,
          sprint2_light_combat_area_1, sprint2_behind_water_1,
          sprint2_near_end_vault_1]

Skill      XL: |  1  2  3  4  5  6  7  8 |
---------------+-------------------------+-----
Fighting       | 2 3 4 5 |  5.1
Short Blades   | 3 4 5 6 7 |  7.3
Throwing       | 3 4 |  4.0
Stealth        | 11 13 14 17 20 23 25 | 25.5
Dodging        | 2 3 4 5 |  5.4

Action                     |  1- 3 |  4- 6 |  7- 9 || total
---------------------------+-------+-------+-------++-------
  Melee: Dagger            |     7 |     7 |    14 ||    28
  Throw: Dart              |     7 |       |       ||     7
    Use: Potion            |       |       |     2 ||     2
         Scroll            |       |       |     1 ||     1
   Stab: Sleeping          |       |     6 |     4 ||    10
         Distracted        |       |     1 |       ||     1
 Armour: Robe              |     2 |       |       ||     2
  Dodge: Dodged            |     7 |       |    10 ||    17

Table legend: (Time is in decaauts)
 A = Elapsed time spent in this place.
 B = Non-inter-level travel time spent in this place.
 C = Inter-level travel time spent in this place.
 D = Time resting spent in this place.
 E = Time spent auto-exploring this place.
 F = Levels seen in this place.
 G = Mean time per level.
                   A        B        C        D        E       F      G
               +--------+--------+--------+--------+--------+-----+--------+
         Total |    111 |    111 |      0 |      0 |      0 |   1 |  111.0 |
       Dungeon |    111 |    111 |      0 |      0 |      0 |   1 |  111.0 |
               +--------+--------+--------+--------+--------+-----+--------+

Top non-repeatable levels by time:
       D: 111 daAuts
